 Dungeon Crawl Stone Soup version 0.30.1-4-g462c640d31 (webtiles) character file.

Game seed: 15927740838314710799

27 Amplified the Cudgeller (level 2, 0/23 HPs)
             Began as a Demonspawn Reaver on Sept 8, 2023.
             Slain by a gnoll
             ... wielding a +0 whip
              (7 damage)
             ... on level 2 of the Dungeon.
             The game lasted 00:01:57 (1341 turns).

Amplified the Cudgeller (Demonspawn Reaver)         Turns: 1341, Time: 00:01:58

Health: 0/23       AC:  6    Str: 11    XL:     2   Next: 93%
Magic:  5/5        EV: 10    Int: 18    God:
Gold:   55         SH:  0    Dex: 10    Spells: 4/5 levels left

rFire   . . .        a - +0 mace
rCold   . . .        (no shield)
rNeg    . . .        g - +0 ring mail
rPois   .            (helmet restricted)
rElec   .            (no cloak)
rCorr   .            d - +0 pair of gloves
SInv    .            (no boots)
Will    .....        (no amulet) Stlth
                     (no ring)
HPRegen 0.23/turn    (no ring)
MPRegen 0.09/turn

%: no passive effects
@: no status effects
A: demonic magic 1, horns 1, clever 1, high MP 1
a: no special abilities


You were on level 2 of the Dungeon.
You visited 1 branch of the dungeon, and saw 2 of its levels.

You collected 55 gold pieces.

Inventory:

Hand Weapons
 a - a +0 mace (weapon)
 b - a +0 whip of electrocution
 l - a +0 whip of draining
Missiles
 f - 5 poisoned darts
Armour
 d - a +0 pair of gloves (worn)
 g - a +0 ring mail (worn)
Scrolls
 h - a scroll of magic mapping {unknown}
 k - a scroll of torment {unknown}
 n - a scroll of summoning {unknown}
Potions
 c - a potion of mutation
 e - a potion of invisibility {unknown}
 i - 2 potions of curing {unknown}
 j - a potion of degeneration {unknown}
 m - a potion of cancellation {unknown}


   Skills:
 + Level 2.4 Fighting
 * Level 3.2 Maces & Flails
 + Level 1.0 Armour
 - Level 1.7 Dodging
 - Level 2.0 Spellcasting
 - Level 3.0 Conjurations


You had 4 spell levels left.
You knew the following spells:

 Your Spells              Type           Power      Damage    Failure   Level
a - Kiss of Death         Conj/Necr      28%        2d7       22%         1

Your spell library contained the following spells:

 Spells                   Type           Power      Damage    Failure   Level
 Momentum Strike          Conj/Tloc      14%        3d8       34%         2
 Hailstorm                Conj/Ice       7%         3d4       56%         3


Dungeon Overview and Level Annotations

Branches:
Dungeon (2/15)

Altars:


Innate Abilities, Weirdness & Mutations

Spells you cast may paralyse adjacent enemies.
You have a pair of small horns on your head.
Your mind is acute. (Int +4, Str/Dex -1)
You have an increased reservoir of magic. (+10% MP)


Message History

The gnoll is lightly wounded.
The gnoll hits you but does no damage.
You closely miss the gnoll.
The gnoll is lightly wounded.
The gnoll hits you but does no damage.
You hit the gnoll.
The gnoll is moderately wounded.
The gnoll barely misses you.
You hit the gnoll.
The gnoll is moderately wounded.
The gnoll closely misses you. The gnoll barely misses you.
You hit the gnoll.
The gnoll is severely wounded.
The gnoll closely misses you.
You hit the gnoll but do no damage.
The gnoll is severely wounded.
The gnoll hits you with a +0 whip.
You closely miss the gnoll.
The gnoll is severely wounded.
The gnoll hits you with a +0 whip.
You barely miss the gnoll.
The gnoll is severely wounded.
The gnoll hits you with a +0 whip. The gnoll closely misses you.
You hit the gnoll but do no damage.
The gnoll is severely wounded.
The gnoll barely misses you.
You hit the gnoll but do no damage.
The gnoll is severely wounded.
The gnoll barely misses you.
You hit the gnoll.
The gnoll is severely wounded.
The gnoll hits you with a +0 whip! The gnoll closely misses you.
Okay, then.
The gnoll attacks as you move away! The gnoll closely misses you.
Okay, then.
It was a potion of mutation.
You feel extremely strange.
You feel more energetic. A pair of horns grows on your head!
You feel clever. The gnoll completely misses you.
The gnoll attacks as you move away! The gnoll hits you with a +0 whip!
You die...

..♣P♣♣..♣.P.#.#..⌠.....
♣♣.P.♣♣♣P...#)#........
.♣P...♣.....#'#.)..... .
♣.P♣♣.P♣♣P..P....P.# .♣
.P...P♣.♣♣.........# ..♣♣ .#
..♣♣.....♣P..#.....#+#.♣P♣..# #.
♣♣.♣♣♣...♣....#.........P♣..# #.
.♣..♣..P..♣♣...#........♣#..# #.#
..♣....8..♣P.P..@g..........###.#
..................#'#.♣P.........
.......8....P♣....#.#..♣.....##.#
.P.........PP.♣...###.♣.♣....#...
..........P..♣........P♣.........
..#'#..P♣.♣♣P.♣♣.....♣♣♣♣.##.#...
P.#.#..♣P♣.P♣♣♣.♣.....P.♣........
..###..P..♣♣§♣P♣....♣♣♣....#.#..#
......♣..♣♣♣♣§♣P.....♣♣♣##.#.#...


You could see a gnoll.

Vanquished Creatures
  A gnoll (D:2)
  2 giant cockroaches
  2 goblins (D:1)
  A hobgoblin (D:1)
  A quokka (D:2)
  2 ball pythons (D:1)
  A bat (D:2)
  2 frilled lizards (D:2)
  4 kobolds (D:1)
  2 rats
18 creatures vanquished.

Notes
Turn   | Place    | Note
-------+----------+-------------------------------------------
     0 | D:1      | Amplified the Demonspawn Reaver began the quest for the
                  | Orb.
     0 | D:1      | Reached XP level 1. HP: 16/16 MP: 3/3
   792 | D:1      | Gained mutation: Spells you cast may paralyse adjacent
                  | enemies. [demonic ancestry]
   792 | D:1      | Reached XP level 2. HP: 15/20 MP: 5/5
  1132 | D:2      | Found a faded altar of an unknown god.
  1263 | D:2      | Reached skill level 1 in Armour
  1339 | D:2      | Gained mutation: You have an increased reservoir of magic.
                  | (+10% MP) [potion of mutation]
  1339 | D:2      | Gained mutation: You have a pair of small horns on your
                  | head. [potion of mutation]
  1339 | D:2      | Gained mutation: Your mind is acute. (Int +4, Str/Dex -1)
                  | [potion of mutation]
  1341 | D:2      | Slain by a gnoll

Illustrated notes

Levels and vault maps discovered:
D:1:      sevenhm_arrival_forest_fort_small_5, layout_loops_corners
D:2:      wad_woods_settlement, layout_basic,
          shapermc_ecumenical_altar_starsandcircs, minmay_tiny_reverse_x

Skill      XL: |  1  2 |
---------------+-------+-----
Maces & Flails | 3 |  3.2
Armour         | 1 |  1.0
Fighting       | |  2.4
Dodging        | |  1.7
Spellcasting   | |  2.0
Conjurations   | |  3.0

Action                     || total
---------------------------++-------
  Melee: Mace              ||    65
   Cast: Kiss of Death     ||     1
    Use: Scroll            ||     2
         Potion            ||     1
 Armour: Ring mail         ||    26
  Dodge: Dodged            ||    37
